Chicago Black Hawks vs Calgary Flames
(R1)
Created - Thursday, December 4, 2025 at 10:59
Goals
|
| Chicago Black Hawks |
1 |
0 |
0 |
1 |
| Calgary Flames |
0 |
2 |
0 |
2 |
|
Shots
|
| Chicago Black Hawks |
14 |
13 |
5 |
32 |
| Calgary Flames |
6 |
23 |
7 |
36 |
|
1st period
1. Chicago Black Hawks , Oliver Bjorkstrand 5 (Leo Carlsson 8, Christopher Tanev 3) at 6:16 (PP)
Penalties :
Filip Hronek (CGY) for Roughing (Minor) at 6:03, Bobby Brink (CHI) for Holding (Minor) at 8:12
2nd period
2. Calgary Flames , Bo Horvat 4 (Filip Hronek 1, Cale Makar 8) at 8:34 (PP)
3. Calgary Flames , Zach Hyman 4 (Drew Doughty 4, Cale Makar 9) at 10:00 (PP)
Penalties :
Matthew Beniers (CHI) for High sticking (Minor) at 7:50, Leo Carlsson (CHI) for Tripping (Minor) at 9:40, Cale Makar (CGY) for Tripping (Minor) at 14:01
3rd period
No Goal
Penalties :
Jeremy Lauzon (CGY) for Interference (Minor) at 6:10, Noah Dobson (CHI) for Cross-checking (Minor) at 16:07
Goalie Stats
Filip Gustavsson (CHI), 34 saves from 36 shots - (0.944), L, 4-3-1, 58:59 minutes
Anton Forsberg (CGY), 31 saves from 32 shots - (0.969), W, 7-1-0, 60:00 minutes
Players Stats for Chicago Black Hawks
Player Name G A P +/- PIM S H SB GA TA FO MP PP MP PK MP
------------------------------------------------------------------------------------
Barrett Hayton 0 0 0 0 0 3 2 0 0 0 8/18 20:40 1:15 2:39
Bobby Brink 0 0 0 0 2 2 1 0 0 0 0/1 11:55 0:51 0:00
Brent Burns 0 0 0 0 0 2 0 2 0 2 0/0 22:25 1:50 2:18
Brett Howden 0 0 0 0 0 0 3 0 0 0 0/1 9:28 0:44 0:25
Christopher Tanev 0 1 1 0 0 0 0 1 1 0 0/0 17:52 1:50 2:18
Eeli Tolvanen 0 0 0 0 0 1 0 1 0 0 0/1 15:28 0:14 0:00
Justin Faulk 0 0 0 0 0 0 2 5 0 1 0/0 18:47 2:21 2:44
Leo Carlsson 0 1 1 0 2 7 2 0 0 1 8/17 18:56 1:22 2:23
Lucas Raymond 0 0 0 0 0 4 3 0 1 0 0/0 16:17 0:06 0:00
Matthew Beniers 0 0 0 0 2 1 1 0 0 0 7/10 15:36 2:18 2:14
Morgan Frost 0 0 0 0 0 1 0 0 0 0 2/3 9:39 2:11 0:00
Noah Dobson 0 0 0 0 2 1 2 2 0 1 0/0 18:50 0:00 0:00
Oliver Bjorkstrand 1 0 1 0 0 6 1 0 0 0 0/3 18:50 1:22 2:23
Ryan Lindgren 0 0 0 0 0 1 0 0 0 0 0/0 18:48 0:00 0:00
Ryan Suzuki 0 0 0 0 0 0 0 0 0 0 0/0 7:42 0:00 0:00
Shane Wright 0 0 0 0 0 0 1 0 0 0 1/2 12:48 0:55 0:00
Trevor Zegras 0 0 0 0 0 3 0 0 0 0 0/0 17:33 1:15 0:00
Zachary Werenski 0 0 0 0 0 0 1 3 1 2 0/0 23:20 2:21 2:44
Players Stats for Calgary Flames
Player Name G A P +/- PIM S H SB GA TA FO MP PP MP PK MP
------------------------------------------------------------------------------------
Alec Martinez 0 0 0 0 0 0 0 0 0 0 0/0 4:13 0:55 0:13
Angus Crookshank 0 0 0 0 0 0 4 0 0 0 1/1 10:46 0:00 0:00
Ben Meyers 0 0 0 0 0 0 3 0 0 0 1/1 11:28 0:03 1:10
Bo Horvat 1 0 1 0 0 5 2 1 2 0 14/19 18:44 2:43 1:28
Cale Makar 0 2 2 0 2 4 1 1 1 0 0/0 26:47 3:23 0:42
Chris Kreider 0 0 0 0 0 7 2 1 2 0 0/1 19:18 2:16 0:07
Drew Doughty 0 1 1 0 0 0 5 1 0 1 0/0 18:11 2:42 2:49
Filip Hronek 0 1 1 0 2 1 2 5 0 0 0/0 23:59 2:20 0:55
Jeremy Lauzon 0 0 0 0 2 3 0 2 0 1 0/0 20:21 0:00 0:41
Joel Eriksson Ek 0 0 0 0 0 1 4 1 0 1 5/12 15:20 2:16 2:10
Mathieu Joseph 0 0 0 0 0 0 1 0 0 0 1/2 18:52 2:12 0:00
Matthew Tkachuk 0 0 0 0 0 2 2 0 0 0 2/11 17:44 0:00 0:11
Nic Dowd 0 0 0 0 0 3 1 0 0 0 2/2 8:59 0:10 0:19
Nick Paul 0 0 0 0 0 4 1 0 0 0 1/2 8:19 0:00 0:19
Pavel Zacha 0 0 0 0 0 1 1 0 0 0 1/1 13:03 0:00 0:51
Sebastian Aho 0 0 0 0 0 2 3 0 0 0 2/2 19:10 2:43 1:28
Uvis Balinskis 0 0 0 0 0 2 2 0 0 0 0/0 22:57 0:44 2:11
Zach Hyman 1 0 1 0 0 1 0 0 2 0 0/2 17:35 2:43 1:10
3 Stars
1 - Anton Forsberg (CGY)
2 - Filip Gustavsson (CHI)
3 - Bo Horvat (CGY)
Power Play
Chicago Black Hawks - 1 on 3 Attempt(s) - 33.33%
Calgary Flames - 2 on 4 Attempt(s) - 50.00%
Penalty Kill
Chicago Black Hawks - 2 on 4 Attempt(s) - 50.00%
- Score 0 goal in Penalty Kill
Calgary Flames - 2 on 3 Attempt(s) - 66.67%
- Score 0 goal in Penalty Kill
Team Stat
Chicago Black Hawks - Hits : 19 - Faceoff Wins : 26 - Blocked Shots : 14 - Penalty Minutes : 8
Calgary Flames - Hits : 34 - Faceoff Wins : 30 - Blocked Shots : 12 - Penalty Minutes : 6
Official
Referees : Kevin Pollock and Brandon Schrader
Linesman : Caleb Apperson and Matt MacPherson
Game Notes
Alec Martinez is injured at 12:34 of 1st period (Upper Body)
Finance
Level 1 -- Attendance: 5961 (99.35%) -- Ticket Income $596,100
Level 2 -- Attendance: 5000 (100.00%) -- Ticket Income $300,000
Level 3 -- Attendance: 3000 (100.00%) -- Ticket Income $105,000
Level 4 -- Attendance: 5000 (100.00%) -- Ticket Income $125,000
Luxury Box -- Attendance: 1000 (100.00%) -- Ticket Income $200,000
Game was played at the Scotiabank Saddledome.
Total Attendance: 19961 (99.81%)
Total Ticket Income: $1,326,100
Other Income: $464,135
Total Income: $1,790,235
Chicago Black Hawks
5 vs 5 Forward
Center Left Wing Right Wing Time % Phy DF OF
1 Leo Carlsson Eeli Tolvanen Oliver Bjorkstrand 30 1 2 2
2 Barrett Hayton Lucas Raymond Trevor Zegras 30 1 2 2
3 Matthew Beniers Shane Wright Bobby Brink 25 1 2 2
4 Morgan Frost Brett Howden Ryan Suzuki 15 1 2 2
5 vs 5 Defense
Defense Defense Time % Phy DF OF
1 Zachary Werenski Justin Faulk 30 1 2 2
2 Brent Burns Christopher Tanev 30 1 2 2
3 Noah Dobson Ryan Lindgren 25 1 2 2
4 Brent Burns Zachary Werenski 15 1 2 2
PowerPlay Forward
Center Left Wing Right Wing Time % Phy DF OF
1 Leo Carlsson Matthew Beniers Oliver Bjorkstrand 50 1 2 2
2 Barrett Hayton Morgan Frost Trevor Zegras 50 1 2 2
PowerPlay Defense
Defense Defense Time % Phy DF OF
1 Zachary Werenski Justin Faulk 50 1 2 2
2 Brent Burns Christopher Tanev 50 1 2 2
Penalty Kill 4 Players Forward
Center Wing Time % Phy DF OF
1 Oliver Bjorkstrand Leo Carlsson 50 1 2 2
2 Barrett Hayton Matthew Beniers 50 1 2 2
Penalty Kill 4 Players Defense
Defense Defense Time % Phy DF OF
1 Zachary Werenski Justin Faulk 50 1 2 2
2 Brent Burns Christopher Tanev 50 1 2 2
Penalty Kill - 3 Players Forward
Forward Time % Phy DF OF
1 Barrett Hayton 50 1 2 2
2 Leo Carlsson 50 1 2 2
Penalty Kill - 3 Players Defense
Defense Defense Time % Phy DF OF
1 Zachary Werenski Justin Faulk 50 1 2 2
2 Brent Burns Christopher Tanev 50 1 2 2
4 vs 4 Forward
Center Wing Time % Phy DF OF
1 Oliver Bjorkstrand Leo Carlsson 50 1 2 2
2 Barrett Hayton Matthew Beniers 50 1 2 2
4 vs 4 Defense
Defense Defense Time % Phy DF OF
1 Zachary Werenski Justin Faulk 50 1 2 2
2 Brent Burns Christopher Tanev 50 1 2 2
Last Minutes Offensive
Center Left Wing Right Wing Defense Defense
Leo Carlsson Eeli Tolvanen Oliver Bjorkstrand Zachary Werenski Justin Faulk
Last Minutes Defensive
Center Left Wing Right Wing Defense Defense
Leo Carlsson Eeli Tolvanen Oliver Bjorkstrand Zachary Werenski Justin Faulk
Goaltenders
Starting : Filip Gustavsson
Backup : Adin Hill
Extra Forwards
Normal : Shane Wright, Morgan Frost, Brett Howden - PP : Shane Wright, Morgan Frost - PK : Brett Howden
Extra Defensemen
Normal : Noah Dobson, Zachary Werenski, Brent Burns - PP : Noah Dobson - PK : Zachary Werenski, Justin Faulk
Penalty Shots
Morgan Frost, Leo Carlsson, Barrett Hayton, Matthew Beniers, Oliver Bjorkstrand
Scratches
Jonas Brodin (Healthy), David Jiricek (Healthy), Simon Nemec (Healthy), Antonio Stranges (Healthy), Noah Cates (Healthy)
Calgary Flames
5 vs 5 Forward
Center Left Wing Right Wing Time % Phy DF OF
1 Bo Horvat Sebastian Aho Zach Hyman 30 1 2 2
2 Matthew Tkachuk Chris Kreider Mathieu Joseph 30 1 2 2
3 Joel Eriksson Ek Angus Crookshank Pavel Zacha 25 1 2 2
4 Nic Dowd Nick Paul Ben Meyers 15 1 2 2
5 vs 5 Defense
Defense Defense Time % Phy DF OF
1 Cale Makar Filip Hronek 35 1 2 2
2 Jeremy Lauzon Uvis Balinskis 35 1 2 2
3 Drew Doughty Alec Martinez 30 1 2 2
4 Cale Makar Filip Hronek 0 1 2 2
PowerPlay Forward
Center Left Wing Right Wing Time % Phy DF OF
1 Bo Horvat Sebastian Aho Zach Hyman 50 1 2 2
2 Joel Eriksson Ek Chris Kreider Mathieu Joseph 50 1 2 2
PowerPlay Defense
Defense Defense Time % Phy DF OF
1 Cale Makar Filip Hronek 50 1 2 2
2 Drew Doughty Alec Martinez 50 1 2 2
Penalty Kill 4 Players Forward
Center Wing Time % Phy DF OF
1 Bo Horvat Sebastian Aho 50 1 2 2
2 Zach Hyman Joel Eriksson Ek 50 1 2 2
Penalty Kill 4 Players Defense
Defense Defense Time % Phy DF OF
1 Cale Makar Drew Doughty 50 1 2 2
2 Alec Martinez Uvis Balinskis 50 1 2 2
Penalty Kill - 3 Players Forward
Forward Time % Phy DF OF
1 Bo Horvat 50 1 2 2
2 Sebastian Aho 50 1 2 2
Penalty Kill - 3 Players Defense
Defense Defense Time % Phy DF OF
1 Cale Makar Filip Hronek 50 1 2 2
2 Alec Martinez Drew Doughty 50 1 2 2
4 vs 4 Forward
Center Wing Time % Phy DF OF
1 Bo Horvat Sebastian Aho 50 1 2 2
2 Zach Hyman Joel Eriksson Ek 50 1 2 2
4 vs 4 Defense
Defense Defense Time % Phy DF OF
1 Cale Makar Filip Hronek 50 1 2 2
2 Drew Doughty Alec Martinez 50 1 2 2
Last Minutes Offensive
Center Left Wing Right Wing Defense Defense
Bo Horvat Sebastian Aho Zach Hyman Cale Makar Filip Hronek
Last Minutes Defensive
Center Left Wing Right Wing Defense Defense
Bo Horvat Sebastian Aho Zach Hyman Cale Makar Filip Hronek
Goaltenders
Starting : Anton Forsberg
Backup : Ilya Sorokin
Extra Forwards
Normal : Nic Dowd, Ben Meyers, Sebastian Aho - PP : Nic Dowd, Ben Meyers - PK : Bo Horvat
Extra Defensemen
Normal : Cale Makar, Alec Martinez, Drew Doughty - PP : Cale Makar - PK : Alec Martinez, Cale Makar
Penalty Shots
Bo Horvat, Sebastian Aho, Nic Dowd, Joel Eriksson Ek, Zach Hyman
Scratches
J.T. Miller (Healthy), Kris Letang (Back Spasms Injury), Pheonix Copley (Healthy)
% Time on Ice - Chicago Black Hawks
Lines # - Real PCT - Wanted PCT - Time Play
Normal Forward
1 - 28% - 30% - 14:03
2 - 34% - 30% - 16:46
3 - 22% - 25% - 11:04
4 - 16% - 15% - 7:42
Normal Defense
1 - 26% - 30% - 12:52
2 - 28% - 30% - 13:44
3 - 37% - 25% - 18:26
4 - 9% - 15% - 4:33
PP Forward
1 - 57% - 50% - 2:23
2 - 43% - 50% - 1:48
PP Defense
1 - 56% - 50% - 2:21
2 - 44% - 50% - 1:50
PK Forward
1 - 47% - 50% - 2:23
2 - 53% - 50% - 2:39
PK Defense
1 - 54% - 50% - 2:44
2 - 46% - 50% - 2:18
PK3 Forward
1 - 0% - 50%
2 - 0% - 50%
PK3 Defense
1 - 0% - 50%
2 - 0% - 50%
44 Forward
1 - 0% - 50%
2 - 0% - 50%
44 Defense
1 - 0% - 50%
2 - 0% - 50%
Last Minute Offensive - 1:12
Last Minute Defensive - 0:00
Total
Forward - 60:00
Defense - 60:00
|
% Time on Ice - Calgary Flames
Lines # - Real PCT - Wanted PCT - Time Play
Normal Forward
1 - 27% - 30% - 13:26
2 - 35% - 30% - 17:22
3 - 22% - 25% - 10:46
4 - 16% - 15% - 8:00
Normal Defense
1 - 32% - 35% - 15:37
2 - 35% - 35% - 17:13
3 - 34% - 30% - 16:44
4 - 0% - 0% - 0:00
PP Forward
1 - 55% - 50% - 2:46
2 - 45% - 50% - 2:16
PP Defense
1 - 46% - 50% - 2:20
2 - 54% - 50% - 2:42
PK Forward
1 - 41% - 50% - 1:42
2 - 59% - 50% - 2:29
PK Defense
1 - 63% - 50% - 2:39
2 - 37% - 50% - 1:32
PK3 Forward
1 - 0% - 50%
2 - 0% - 50%
PK3 Defense
1 - 0% - 50%
2 - 0% - 50%
44 Forward
1 - 0% - 50%
2 - 0% - 50%
44 Defense
1 - 0% - 50%
2 - 0% - 50%
Last Minute Offensive - 0:00
Last Minute Defensive - 1:13
Total
Forward - 60:00
Defense - 60:00
|
Play-by-Play
1st period
0:01 of 1st period - Bo Horvat wins face-off versus Eeli Tolvanen in neutral zone.
0:18 of 1st period - Filip Hronek is hit by Justin Faulk.
3:36 of 1st period - Joel Eriksson Ek is hit by Bobby Brink and loses puck.
4:27 of 1st period - Slapshot by Matthew Tkachuk.
4:27 of 1st period - Shot Misses the Net.
4:29 of 1st period - Wrist shot by Chris Kreider.
4:29 of 1st period - Shot Blocked by Eeli Tolvanen.
4:41 of 1st period - Ryan Lindgren is hit by Joel Eriksson Ek and loses puck.
5:19 of 1st period - Snap shot by Morgan Frost.
5:19 of 1st period - Shot Misses the Net.
5:21 of 1st period - Backhand shot by Zachary Werenski.
5:21 of 1st period - Deflect By Morgan Frost.
5:21 of 1st period - Stopped by Anton Forsberg without a rebound.
5:22 of 1st period - Pavel Zacha wins face-off versus Barrett Hayton in Calgary Flames zone.
5:55 of 1st period - Snap shot by Oliver Bjorkstrand.
5:55 of 1st period - Stopped by Anton Forsberg with a rebound.
5:57 of 1st period - Slapshot by Zachary Werenski.
5:57 of 1st period - Shot Blocked by Filip Hronek.
6:03 of 1st period - Minor Penalty to Filip Hronek for Roughing.
6:04 of 1st period - Bo Horvat wins face-off versus Leo Carlsson in Calgary Flames zone.
6:16 of 1st period - Wrist shot by Oliver Bjorkstrand.
6:16 of 1st period - Goal by Oliver Bjorkstrand - Chicago Black Hawks : 1 - Calgary Flames : 0.
6:17 of 1st period - Matthew Beniers wins face-off versus Matthew Tkachuk in neutral zone.
6:22 of 1st period - Slapshot by Shane Wright.
6:22 of 1st period - Shot Blocked by Jeremy Lauzon.
6:49 of 1st period - Wrist shot by Trevor Zegras.
6:49 of 1st period - Shot Misses the Net.
7:50 of 1st period - Off-side.
7:51 of 1st period - Mathieu Joseph wins face-off versus Matthew Beniers in neutral zone.
8:12 of 1st period - Minor Penalty to Bobby Brink for Holding.
8:13 of 1st period - Bo Horvat wins face-off versus Oliver Bjorkstrand in Chicago Black Hawks zone.
8:18 of 1st period - Wrist shot by Zach Hyman.
8:18 of 1st period - Shot Blocked by Justin Faulk.
8:20 of 1st period - Slapshot by Filip Hronek.
8:20 of 1st period - Deflect By Bo Horvat.
8:20 of 1st period - Shot Blocked by Zachary Werenski.
8:20 of 1st period - Puck is out of play.
8:21 of 1st period - Bo Horvat wins face-off versus Oliver Bjorkstrand in Chicago Black Hawks zone.
8:34 of 1st period - Wrist shot by Zach Hyman.
8:34 of 1st period - Shot Blocked by Zachary Werenski.
8:36 of 1st period - Snap shot by Sebastian Aho.
8:36 of 1st period - Shot Misses the Net.
8:38 of 1st period - Slapshot by Cale Makar.
8:38 of 1st period - Stopped by Filip Gustavsson without a rebound.
8:39 of 1st period - Joel Eriksson Ek wins face-off versus Barrett Hayton in Chicago Black Hawks zone.
8:54 of 1st period - Chris Kreider is hit by Oliver Bjorkstrand and loses puck.
9:07 of 1st period - Snap shot by Leo Carlsson.
9:07 of 1st period - Stopped by Anton Forsberg with a rebound.
9:13 of 1st period - Snap shot by Zach Hyman.
9:13 of 1st period - Shot Misses the Net.
9:33 of 1st period - Leo Carlsson is hit by Filip Hronek and loses puck.
10:08 of 1st period - Justin Faulk is hit by Drew Doughty and loses puck.
10:12 of 1st period - Penalty to Bobby Brink is over, Bobby Brink is back on ice.
10:57 of 1st period - Filip Hronek is hit by Noah Dobson and loses puck.
11:47 of 1st period - Off-side.
11:48 of 1st period - Bo Horvat wins face-off versus Leo Carlsson in neutral zone.
11:51 of 1st period - Wrist shot by Sebastian Aho.
11:51 of 1st period - Shot Misses the Net.
11:53 of 1st period - Slapshot by Uvis Balinskis.
11:53 of 1st period - Shot Blocked by Christopher Tanev.
11:55 of 1st period - Snap shot by Zach Hyman.
11:55 of 1st period - Shot Misses the Net.
11:57 of 1st period - Wrist shot by Bo Horvat.
11:57 of 1st period - Stopped by Filip Gustavsson without a rebound.
11:58 of 1st period - Leo Carlsson wins face-off versus Matthew Tkachuk in Chicago Black Hawks zone.
12:13 of 1st period - Wrist shot by Chris Kreider.
12:13 of 1st period - Shot Misses the Net.
12:19 of 1st period - Wrist shot by Leo Carlsson.
12:19 of 1st period - Stopped by Anton Forsberg with a rebound.
12:21 of 1st period - Slapshot by Brent Burns.
12:21 of 1st period - Stopped by Anton Forsberg without a rebound.
12:22 of 1st period - Joel Eriksson Ek wins face-off versus Barrett Hayton in Calgary Flames zone.
12:33 of 1st period - Alec Martinez is hit by Lucas Raymond and loses puck.
12:34 of 1st period - Alec Martinez from Calgary Flames is injured at 12:34 of 1st period (Upper Body).
12:35 of 1st period - Matthew Tkachuk wins face-off versus Barrett Hayton in Calgary Flames zone.
12:39 of 1st period - Off-side.
12:40 of 1st period - Barrett Hayton wins face-off versus Chris Kreider in neutral zone.
12:43 of 1st period - Snap shot by Lucas Raymond.
12:43 of 1st period - Shot Misses the Net.
12:45 of 1st period - Wrist shot by Lucas Raymond.
12:45 of 1st period - Shot Misses the Net.
12:47 of 1st period - Slapshot by Christopher Tanev.
12:47 of 1st period - Shot Blocked by Drew Doughty.
12:49 of 1st period - Slapshot by Christopher Tanev.
12:49 of 1st period - Shot Misses the Net.
13:13 of 1st period - Snap shot by Leo Carlsson.
13:13 of 1st period - Stopped by Anton Forsberg without a rebound.
13:14 of 1st period - Barrett Hayton wins face-off versus Joel Eriksson Ek in Calgary Flames zone.
13:15 of 1st period - Wrist shot by Lucas Raymond.
13:15 of 1st period - Shot Blocked by Joel Eriksson Ek.
13:17 of 1st period - Slapshot by Trevor Zegras.
13:17 of 1st period - Stopped by Anton Forsberg with a rebound.
13:27 of 1st period - Wrist shot by Pavel Zacha.
13:27 of 1st period - Stopped by Filip Gustavsson without a rebound.
13:28 of 1st period - Leo Carlsson wins face-off versus Bo Horvat in Chicago Black Hawks zone.
13:33 of 1st period - Snap shot by Oliver Bjorkstrand.
13:33 of 1st period - Shot Hit the Post.
14:21 of 1st period - Nic Dowd is hit by Matthew Beniers and loses puck.
14:28 of 1st period - Matthew Beniers is hit by Drew Doughty and loses puck.
14:43 of 1st period - Snap shot by Sebastian Aho.
14:43 of 1st period - Stopped by Filip Gustavsson with a rebound.
14:45 of 1st period - Snap shot by Sebastian Aho.
14:45 of 1st period - Shot Misses the Net.
14:47 of 1st period - Snap shot by Bo Horvat.
14:47 of 1st period - Shot Misses the Net.
15:01 of 1st period - Wrist shot by Leo Carlsson.
15:01 of 1st period - Stopped by Anton Forsberg with a rebound.
15:03 of 1st period - Snap shot by Oliver Bjorkstrand.
15:03 of 1st period - Stopped by Anton Forsberg with a rebound.
15:05 of 1st period - Snap shot by Leo Carlsson.
15:05 of 1st period - Shot Misses the Net.
15:23 of 1st period - Snap shot by Lucas Raymond.
15:23 of 1st period - Stopped by Anton Forsberg with a rebound.
15:25 of 1st period - Slapshot by Christopher Tanev.
15:25 of 1st period - Shot Blocked by Chris Kreider.
15:27 of 1st period - Snap shot by Barrett Hayton.
15:27 of 1st period - Stopped by Anton Forsberg with a rebound.
15:29 of 1st period - Slapshot by Brent Burns.
15:29 of 1st period - Stopped by Anton Forsberg with a rebound.
16:01 of 1st period - Wrist shot by Zach Hyman.
16:01 of 1st period - Shot Blocked by Noah Dobson.
16:25 of 1st period - Angus Crookshank is hit by Brett Howden and loses puck.
17:06 of 1st period - Wrist shot by Oliver Bjorkstrand.
17:06 of 1st period - Shot Hit the Post.
17:16 of 1st period - Zachary Werenski is hit by Bo Horvat and loses puck.
17:49 of 1st period - Ryan Lindgren is hit by Angus Crookshank and loses puck.
18:00 of 1st period - Oliver Bjorkstrand is hit by Matthew Tkachuk and loses puck.
18:05 of 1st period - Slapshot by Chris Kreider.
18:05 of 1st period - Stopped by Filip Gustavsson with a rebound.
18:07 of 1st period - Slapshot by Sebastian Aho.
18:07 of 1st period - Shot Blocked by Noah Dobson.
18:09 of 1st period - Snap shot by Chris Kreider.
18:09 of 1st period - Stopped by Filip Gustavsson with a rebound.
18:25 of 1st period - Wrist shot by Bobby Brink.
18:25 of 1st period - Stopped by Anton Forsberg with a rebound.
18:27 of 1st period - Wrist shot by Noah Dobson.
18:27 of 1st period - Shot Misses the Net.
19:04 of 1st period - Brett Howden is hit by Drew Doughty and loses puck.
19:15 of 1st period - Morgan Frost is hit by Drew Doughty and loses puck.
19:24 of 1st period - Nic Dowd is hit by Brett Howden and loses puck.
19:39 of 1st period - Drew Doughty is hit by Noah Dobson and loses puck.
19:44 of 1st period - Slapshot by Zachary Werenski.
19:44 of 1st period - Shot Blocked by Filip Hronek.
19:46 of 1st period - Slapshot by Christopher Tanev.
19:46 of 1st period - Shot Blocked by Filip Hronek.
19:52 of 1st period - Filip Hronek is hit by Leo Carlsson.
Goals for this period are 1 for Chicago Black Hawks vs 0 for Calgary Flames.
Shots for this period are 14 for Chicago Black Hawks vs 6 for Calgary Flames.
2nd period
0:01 of 2nd period - Bo Horvat wins face-off versus Leo Carlsson in neutral zone.
0:46 of 2nd period - Snap shot by Matthew Beniers.
0:46 of 2nd period - Shot Misses the Net.
0:48 of 2nd period - Slapshot by Matthew Beniers.
0:48 of 2nd period - Shot Misses the Net.
0:50 of 2nd period - Wrist shot by Ryan Lindgren.
0:50 of 2nd period - Stopped by Anton Forsberg without a rebound.
0:51 of 2nd period - Leo Carlsson wins face-off versus Bo Horvat in Calgary Flames zone.
1:16 of 2nd period - Mathieu Joseph is hit by Barrett Hayton and loses puck.
1:36 of 2nd period - Off-side.
1:37 of 2nd period - Morgan Frost wins face-off versus Joel Eriksson Ek in neutral zone.
1:47 of 2nd period - Ryan Suzuki is hit by Angus Crookshank and loses puck.
1:52 of 2nd period - Slapshot by Joel Eriksson Ek.
1:52 of 2nd period - Stopped by Filip Gustavsson without a rebound.
1:53 of 2nd period - Bo Horvat wins face-off versus Leo Carlsson in Chicago Black Hawks zone.
2:08 of 2nd period - Snap shot by Leo Carlsson.
2:08 of 2nd period - Deflect By Oliver Bjorkstrand.
2:08 of 2nd period - Shot Misses the Net.
2:08 of 2nd period - Puck is out of play.
2:09 of 2nd period - Barrett Hayton wins face-off versus Matthew Tkachuk in Calgary Flames zone.
2:41 of 2nd period - Wrist shot by Oliver Bjorkstrand.
2:41 of 2nd period - Shot Misses the Net.
2:43 of 2nd period - Slapshot by Leo Carlsson.
2:43 of 2nd period - Shot Misses the Net.
2:45 of 2nd period - Slapshot by Oliver Bjorkstrand.
2:45 of 2nd period - Stopped by Anton Forsberg without a rebound.
2:46 of 2nd period - Matthew Beniers wins face-off versus Bo Horvat in Calgary Flames zone.
2:57 of 2nd period - Snap shot by Bo Horvat.
2:57 of 2nd period - Shot Misses the Net.
2:59 of 2nd period - Wrist shot by Zach Hyman.
2:59 of 2nd period - Shot Misses the Net.
3:01 of 2nd period - Slapshot by Filip Hronek.
3:01 of 2nd period - Stopped by Filip Gustavsson without a rebound.
3:02 of 2nd period - Barrett Hayton wins face-off versus Joel Eriksson Ek in Chicago Black Hawks zone.
3:11 of 2nd period - Snap shot by Trevor Zegras.
3:11 of 2nd period - Shot Blocked by Filip Hronek.
3:13 of 2nd period - Slapshot by Brent Burns.
3:13 of 2nd period - Shot Misses the Net.
3:15 of 2nd period - Snap shot by Lucas Raymond.
3:15 of 2nd period - Stopped by Anton Forsberg with a rebound.
3:17 of 2nd period - Wrist shot by Barrett Hayton.
3:17 of 2nd period - Stopped by Anton Forsberg with a rebound.
3:35 of 2nd period - Backhand shot by Leo Carlsson.
3:35 of 2nd period - Stopped by Anton Forsberg with a rebound.
3:51 of 2nd period - Snap shot by Matthew Tkachuk.
3:51 of 2nd period - Shot Misses the Net.
3:53 of 2nd period - Slapshot by Matthew Tkachuk.
3:53 of 2nd period - Stopped by Filip Gustavsson without a rebound.
3:54 of 2nd period - Barrett Hayton wins face-off versus Zach Hyman in Chicago Black Hawks zone.
4:01 of 2nd period - Wrist shot by Lucas Raymond.
4:01 of 2nd period - Stopped by Anton Forsberg with a rebound.
4:50 of 2nd period - Slapshot by Bobby Brink.
4:50 of 2nd period - Stopped by Anton Forsberg with a rebound.
4:52 of 2nd period - Snap shot by Matthew Beniers.
4:52 of 2nd period - Shot Misses the Net.
5:02 of 2nd period - Brent Burns is hit by Uvis Balinskis.
5:09 of 2nd period - Off-side.
5:10 of 2nd period - Bo Horvat wins face-off versus Barrett Hayton in neutral zone.
5:15 of 2nd period - Wrist shot by Sebastian Aho.
5:15 of 2nd period - Shot Blocked by Brent Burns.
5:17 of 2nd period - Snap shot by Bo Horvat.
5:17 of 2nd period - Stopped by Filip Gustavsson with a rebound.
5:19 of 2nd period - Slapshot by Cale Makar.
5:19 of 2nd period - Deflect By Bo Horvat.
5:19 of 2nd period - Stopped by Filip Gustavsson without a rebound.
5:20 of 2nd period - Bo Horvat wins face-off versus Barrett Hayton in Chicago Black Hawks zone.
5:47 of 2nd period - Wrist shot by Bo Horvat.
5:47 of 2nd period - Stopped by Filip Gustavsson without a rebound.
5:48 of 2nd period - Leo Carlsson wins face-off versus Matthew Tkachuk in Chicago Black Hawks zone.
6:14 of 2nd period - Justin Faulk is hit by Angus Crookshank and loses puck.
7:01 of 2nd period - Wrist shot by Cale Makar.
7:01 of 2nd period - Stopped by Filip Gustavsson with a rebound.
7:03 of 2nd period - Slapshot by Nick Paul.
7:03 of 2nd period - Stopped by Filip Gustavsson without a rebound.
7:04 of 2nd period - Leo Carlsson wins face-off versus Nick Paul in Chicago Black Hawks zone.
7:12 of 2nd period - Icing by Jeremy Lauzon.
7:13 of 2nd period - Nic Dowd wins face-off versus Leo Carlsson in Calgary Flames zone.
7:13 of 2nd period - Nic Dowd is hit by Justin Faulk.
7:23 of 2nd period - Slapshot by Nick Paul.
7:23 of 2nd period - Stopped by Filip Gustavsson with a rebound.
7:25 of 2nd period - Snap shot by Nic Dowd.
7:25 of 2nd period - Stopped by Filip Gustavsson with a rebound.
7:27 of 2nd period - Snap shot by Jeremy Lauzon.
7:27 of 2nd period - Shot Misses the Net.
7:29 of 2nd period - Backhand shot by Nic Dowd.
7:29 of 2nd period - Stopped by Filip Gustavsson with a rebound.
7:31 of 2nd period - Slapshot by Jeremy Lauzon.
7:31 of 2nd period - Shot Misses the Net.
7:33 of 2nd period - Snap shot by Ben Meyers.
7:33 of 2nd period - Shot Blocked by Justin Faulk.
7:35 of 2nd period - Snap shot by Ben Meyers.
7:35 of 2nd period - Shot Misses the Net.
7:37 of 2nd period - Slapshot by Jeremy Lauzon.
7:37 of 2nd period - Deflect By Zachary Werenski.
7:37 of 2nd period - Stopped by Filip Gustavsson with a rebound.
7:39 of 2nd period - Slapshot by Uvis Balinskis.
7:39 of 2nd period - Stopped by Filip Gustavsson with a rebound.
7:41 of 2nd period - Wrist shot by Nick Paul.
7:41 of 2nd period - Stopped by Filip Gustavsson with a rebound.
7:45 of 2nd period - Snap shot by Nick Paul.
7:45 of 2nd period - Shot Blocked by Zachary Werenski.
7:47 of 2nd period - Slapshot by Uvis Balinskis.
7:47 of 2nd period - Deflect By Nic Dowd.
7:47 of 2nd period - Shot Misses the Net.
7:47 of 2nd period - Puck is out of play.
7:48 of 2nd period - Matthew Beniers wins face-off versus Matthew Tkachuk in Chicago Black Hawks zone.
7:50 of 2nd period - Minor Penalty to Matthew Beniers for High sticking.
7:51 of 2nd period - Joel Eriksson Ek wins face-off versus Barrett Hayton in Chicago Black Hawks zone.
8:23 of 2nd period - Snap shot by Oliver Bjorkstrand.
8:23 of 2nd period - Stopped by Anton Forsberg without a rebound.
8:24 of 2nd period - Bo Horvat wins face-off versus Oliver Bjorkstrand in Calgary Flames zone.
8:34 of 2nd period - Wrist shot by Bo Horvat.
8:34 of 2nd period - Goal by Bo Horvat - Chicago Black Hawks : 1 - Calgary Flames : 1.
8:35 of 2nd period - Matthew Tkachuk wins face-off versus Matthew Beniers in neutral zone.
8:47 of 2nd period - Slapshot by Cale Makar.
8:47 of 2nd period - Deflect By Chris Kreider.
8:47 of 2nd period - Stopped by Filip Gustavsson with a rebound.
8:49 of 2nd period - Wrist shot by Matthew Tkachuk.
8:49 of 2nd period - Shot Misses the Net.
8:51 of 2nd period - Snap shot by Cale Makar.
8:51 of 2nd period - Stopped by Filip Gustavsson with a rebound.
9:01 of 2nd period - Trevor Zegras is hit by Sebastian Aho and loses puck.
9:32 of 2nd period - Snap shot by Joel Eriksson Ek.
9:32 of 2nd period - Shot Misses the Net.
9:34 of 2nd period - Wrist shot by Pavel Zacha.
9:34 of 2nd period - Shot Hit the Post.
9:40 of 2nd period - Minor Penalty to Leo Carlsson for Tripping.
9:41 of 2nd period - Barrett Hayton wins face-off versus Joel Eriksson Ek in Chicago Black Hawks zone.
9:48 of 2nd period - Snap shot by Cale Makar.
9:48 of 2nd period - Shot Hit the Post.
9:50 of 2nd period - Wrist shot by Joel Eriksson Ek.
9:50 of 2nd period - Shot Misses the Net.
9:52 of 2nd period - Slapshot by Cale Makar.
9:52 of 2nd period - Deflect By Chris Kreider.
9:52 of 2nd period - Stopped by Filip Gustavsson with a rebound.
9:54 of 2nd period - Wrist shot by Chris Kreider.
9:54 of 2nd period - Stopped by Filip Gustavsson without a rebound.
9:55 of 2nd period - Bo Horvat wins face-off versus Barrett Hayton in Chicago Black Hawks zone.
9:56 of 2nd period - Wrist shot by Cale Makar.
9:56 of 2nd period - Shot Blocked by Justin Faulk.
9:58 of 2nd period - Slapshot by Drew Doughty.
9:58 of 2nd period - Shot Blocked by Justin Faulk.
10:00 of 2nd period - Wrist shot by Zach Hyman.
10:00 of 2nd period - Goal by Zach Hyman - Chicago Black Hawks : 1 - Calgary Flames : 2.
10:01 of 2nd period - Matthew Beniers wins face-off versus Matthew Tkachuk in neutral zone.
10:28 of 2nd period - Barrett Hayton is hit by Filip Hronek and loses puck.
10:33 of 2nd period - Wrist shot by Sebastian Aho.
10:33 of 2nd period - Shot Blocked by Brent Burns.
10:35 of 2nd period - Slapshot by Jeremy Lauzon.
10:35 of 2nd period - Stopped by Filip Gustavsson without a rebound.
10:36 of 2nd period - Matthew Beniers wins face-off versus Joel Eriksson Ek in Chicago Black Hawks zone.
11:27 of 2nd period - Wrist shot by Oliver Bjorkstrand.
11:27 of 2nd period - Shot Misses the Net.
11:29 of 2nd period - Snap shot by Oliver Bjorkstrand.
11:29 of 2nd period - Shot Blocked by Bo Horvat.
11:31 of 2nd period - Slapshot by Noah Dobson.
11:31 of 2nd period - Stopped by Anton Forsberg without a rebound.
11:32 of 2nd period - Matthew Beniers wins face-off versus Matthew Tkachuk in Calgary Flames zone.
12:37 of 2nd period - Nic Dowd is hit by Lucas Raymond and loses puck.
13:26 of 2nd period - Off-side.
13:27 of 2nd period - Sebastian Aho wins face-off versus Leo Carlsson in neutral zone.
13:34 of 2nd period - Snap shot by Sebastian Aho.
13:34 of 2nd period - Stopped by Filip Gustavsson with a rebound.
13:40 of 2nd period - Snap shot by Eeli Tolvanen.
13:40 of 2nd period - Stopped by Anton Forsberg with a rebound.
13:42 of 2nd period - Snap shot by Oliver Bjorkstrand.
13:42 of 2nd period - Stopped by Anton Forsberg without a rebound.
13:43 of 2nd period - Barrett Hayton wins face-off versus Mathieu Joseph in Calgary Flames zone.
13:50 of 2nd period - Slapshot by Trevor Zegras.
13:50 of 2nd period - Deflect By Barrett Hayton.
13:50 of 2nd period - Stopped by Anton Forsberg without a rebound.
13:51 of 2nd period - Barrett Hayton wins face-off versus Matthew Tkachuk in Calgary Flames zone.
14:01 of 2nd period - Minor Penalty to Cale Makar for Tripping.
14:02 of 2nd period - Morgan Frost wins face-off versus Zach Hyman in Calgary Flames zone.
14:12 of 2nd period - Wrist shot by Barrett Hayton.
14:12 of 2nd period - Deflect By Trevor Zegras.
14:12 of 2nd period - Stopped by Anton Forsberg with a rebound.
15:57 of 2nd period - Morgan Frost is hit by Joel Eriksson Ek and loses puck.
16:01 of 2nd period - Penalty to Cale Makar is over, Cale Makar is back on ice.
16:56 of 2nd period - Matthew Tkachuk is hit by Shane Wright and loses puck.
17:44 of 2nd period - Slapshot by Cale Makar.
17:44 of 2nd period - Deflect By Nic Dowd.
17:44 of 2nd period - Deflect By Brent Burns.
17:44 of 2nd period - Stopped by Filip Gustavsson with a rebound.
18:16 of 2nd period - Zachary Werenski is hit by Nick Paul.
18:34 of 2nd period - Zachary Werenski is hit by Pavel Zacha and loses puck.
18:55 of 2nd period - Bobby Brink is hit by Ben Meyers.
19:05 of 2nd period - Barrett Hayton is hit by Joel Eriksson Ek.
19:17 of 2nd period - Chris Kreider is hit by Brett Howden and loses puck.
Goals for this period are 0 for Chicago Black Hawks vs 2 for Calgary Flames.
Shots for this period are 13 for Chicago Black Hawks vs 23 for Calgary Flames.
3rd period
0:01 of 3rd period - Bo Horvat wins face-off versus Barrett Hayton in neutral zone.
0:26 of 3rd period - Zachary Werenski is hit by Joel Eriksson Ek and loses puck.
0:31 of 3rd period - Snap shot by Cale Makar.
0:31 of 3rd period - Deflect By Joel Eriksson Ek.
0:31 of 3rd period - Shot Misses the Net.
0:31 of 3rd period - Puck is out of play.
0:32 of 3rd period - Joel Eriksson Ek wins face-off versus Leo Carlsson in Chicago Black Hawks zone.
1:17 of 3rd period - Cale Makar is hit by Lucas Raymond and loses puck.
1:32 of 3rd period - Filip Hronek is hit by Barrett Hayton.
2:10 of 3rd period - Snap shot by Chris Kreider.
2:10 of 3rd period - Stopped by Filip Gustavsson with a rebound.
3:39 of 3rd period - Snap shot by Lucas Raymond.
3:39 of 3rd period - Stopped by Anton Forsberg with a rebound.
4:07 of 3rd period - Snap shot by Trevor Zegras.
4:07 of 3rd period - Shot Misses the Net.
4:09 of 3rd period - Snap shot by Trevor Zegras.
4:09 of 3rd period - Shot Blocked by Filip Hronek.
4:11 of 3rd period - Wrist shot by Trevor Zegras.
4:11 of 3rd period - Stopped by Anton Forsberg without a rebound.
4:12 of 3rd period - Bo Horvat wins face-off versus Leo Carlsson in Calgary Flames zone.
4:12 of 3rd period - Bo Horvat is hit by Leo Carlsson.
4:22 of 3rd period - Slapshot by Leo Carlsson.
4:22 of 3rd period - Deflect By Eeli Tolvanen.
4:22 of 3rd period - Deflect By Bo Horvat.
4:22 of 3rd period - Shot Misses the Net.
4:22 of 3rd period - Puck is out of play.
4:23 of 3rd period - Sebastian Aho wins face-off versus Leo Carlsson in Calgary Flames zone.
4:27 of 3rd period - Off-side.
4:28 of 3rd period - Leo Carlsson wins face-off versus Bo Horvat in neutral zone.
4:28 of 3rd period - Oliver Bjorkstrand is hit by Bo Horvat.
5:13 of 3rd period - Wrist shot by Zach Hyman.
5:13 of 3rd period - Shot Misses the Net.
5:15 of 3rd period - Slapshot by Jeremy Lauzon.
5:15 of 3rd period - Stopped by Filip Gustavsson with a rebound.
6:10 of 3rd period - Minor Penalty to Jeremy Lauzon for Interference.
6:11 of 3rd period - Ben Meyers wins face-off versus Shane Wright in Calgary Flames zone.
6:56 of 3rd period - Icing by Zachary Werenski.
6:57 of 3rd period - Nick Paul wins face-off versus Brett Howden in Chicago Black Hawks zone.
7:10 of 3rd period - Shane Wright is hit by Ben Meyers and loses puck.
8:10 of 3rd period - Penalty to Jeremy Lauzon is over, Jeremy Lauzon is back on ice.
8:15 of 3rd period - Pavel Zacha is hit by Zachary Werenski and loses puck.
8:55 of 3rd period - Trevor Zegras is hit by Angus Crookshank.
9:19 of 3rd period - Noah Dobson is hit by Uvis Balinskis and loses puck.
9:54 of 3rd period - Brent Burns is hit by Drew Doughty and loses puck.
10:19 of 3rd period - Brent Burns is hit by Ben Meyers and loses puck.
10:38 of 3rd period - Justin Faulk is hit by Cale Makar and loses puck.
10:55 of 3rd period - Brett Howden is hit by Sebastian Aho and loses puck.
11:14 of 3rd period - Noah Dobson is hit by Mathieu Joseph and loses puck.
11:27 of 3rd period - Icing by Drew Doughty.
11:28 of 3rd period - Leo Carlsson wins face-off versus Matthew Tkachuk in Calgary Flames zone.
11:37 of 3rd period - Snap shot by Matthew Beniers.
11:37 of 3rd period - Stopped by Anton Forsberg without a rebound.
11:38 of 3rd period - Shane Wright wins face-off versus Joel Eriksson Ek in Calgary Flames zone.
11:43 of 3rd period - Snap shot by Shane Wright.
11:43 of 3rd period - Deflect By Matthew Beniers.
11:43 of 3rd period - Shot Blocked by Jeremy Lauzon.
11:43 of 3rd period - Puck is out of play.
11:44 of 3rd period - Matthew Beniers wins face-off versus Joel Eriksson Ek in Calgary Flames zone.
12:13 of 3rd period - Snap shot by Leo Carlsson.
12:13 of 3rd period - Stopped by Anton Forsberg with a rebound.
12:19 of 3rd period - Justin Faulk is hit by Sebastian Aho and loses puck.
12:34 of 3rd period - Brent Burns is hit by Matthew Tkachuk and loses puck.
12:41 of 3rd period - Snap shot by Brett Howden.
12:41 of 3rd period - Shot Misses the Net.
12:55 of 3rd period - Snap shot by Barrett Hayton.
12:55 of 3rd period - Shot Misses the Net.
13:11 of 3rd period - Snap shot by Chris Kreider.
13:11 of 3rd period - Stopped by Filip Gustavsson with a rebound.
13:35 of 3rd period - Snap shot by Lucas Raymond.
13:35 of 3rd period - Shot Misses the Net.
13:45 of 3rd period - Trevor Zegras is hit by Chris Kreider and loses puck.
14:27 of 3rd period - Slapshot by Matthew Tkachuk.
14:27 of 3rd period - Stopped by Filip Gustavsson with a rebound.
14:29 of 3rd period - Slapshot by Uvis Balinskis.
14:29 of 3rd period - Stopped by Filip Gustavsson without a rebound.
14:30 of 3rd period - Joel Eriksson Ek wins face-off versus Bobby Brink in Chicago Black Hawks zone.
15:06 of 3rd period - Wrist shot by Oliver Bjorkstrand.
15:06 of 3rd period - Shot Misses the Net.
15:08 of 3rd period - Wrist shot by Zachary Werenski.
15:08 of 3rd period - Shot Misses the Net.
15:10 of 3rd period - Slapshot by Zachary Werenski.
15:10 of 3rd period - Shot Blocked by Cale Makar.
15:22 of 3rd period - Slapshot by Cale Makar.
15:22 of 3rd period - Stopped by Filip Gustavsson without a rebound.
15:23 of 3rd period - Nic Dowd wins face-off versus Morgan Frost in Chicago Black Hawks zone.
15:34 of 3rd period - Slapshot by Nick Paul.
15:34 of 3rd period - Stopped by Filip Gustavsson without a rebound.
15:35 of 3rd period - Angus Crookshank wins face-off versus Matthew Beniers in Chicago Black Hawks zone.
16:07 of 3rd period - Minor Penalty to Noah Dobson for Cross-checking.
16:08 of 3rd period - Bo Horvat wins face-off versus Barrett Hayton in Chicago Black Hawks zone.
16:36 of 3rd period - Slapshot by Cale Makar.
16:36 of 3rd period - Shot Blocked by Justin Faulk.
16:38 of 3rd period - Wrist shot by Mathieu Joseph.
16:38 of 3rd period - Shot Misses the Net.
17:53 of 3rd period - Justin Faulk is hit by Chris Kreider and loses puck.
18:07 of 3rd period - Penalty to Noah Dobson is over, Noah Dobson is back on ice.
18:15 of 3rd period - Barrett Hayton is hit by Nic Dowd and loses puck.
18:59 of 3rd period - Chicago Black Hawks, Filip Gustavsson is pulled from the net.
19:09 of 3rd period - Snap shot by Leo Carlsson.
19:09 of 3rd period - Stopped by Anton Forsberg without a rebound.
19:10 of 3rd period - Jim Montgomery call a timeout for Chicago Black Hawks.
19:10 of 3rd period - Leo Carlsson wins face-off versus Bo Horvat in Calgary Flames zone.
19:59 of 3rd period - Slapshot by Bo Horvat.
19:59 of 3rd period - Deflect By Leo Carlsson.
19:59 of 3rd period - Shot Misses the Net.
19:59 of 3rd period - Puck is out of play.
Goals for this period are 0 for Chicago Black Hawks vs 0 for Calgary Flames.
Shots for this period are 5 for Chicago Black Hawks vs 7 for Calgary Flames.
Back to the Top